Map: Triton LE

Players

Mez

  • Race: Terran Terran
  • League: Master
  • Spawn Location: 5:00

A.I. 1 (Very Easy) - Winner!

  • Race: Protoss Protoss
  • Spawn Location: 11:00

VOD

Have the link to the VOD?

Description

Time

  • Played on: Sept. 9, 2019, 9:25 a.m.
  • Length: 10:22
Show
View Real Time Build Order
Export as new Build Order

Mez Terran 

Build Orders: Reaper Expand 

Get SALT Encoding   

  12  0:01  SCV  
  13  0:13  SCV  
  14  0:17  Supply Depot  
  14  0:25  SCV  
  15  0:39  SCV  
  15  0:41  Barracks  
  16  0:45  Refinery  
  16  0:51  SCV  
  17  1:03  SCV  
  18  1:15  SCV  
  19  1:29  Orbital Command, Reaper  
  20  1:40  Command Center  
  20  1:54  Bunker  
  20  1:55  Supply Depot  
  20  2:00  SCV  
  21  2:03  Marine  
  22  2:12  Factory  
  23  2:15  SCV  
  23  2:22  Refinery  
  23  2:23  Barracks Reactor  
  23  2:28  SCV  
  24  2:40  SCV  
  25  2:52  SCV  
  25  2:53  Orbital Command  
  25  2:58  Starport  
  26  2:59  Widow Mine  
  26  3:00  Marine x2  
  26  3:04  SCV  
  31  3:18  Marine x2  
  31  3:19  SCV  
  34  3:20  Widow Mine, SCV  
  37  3:29  Supply Depot  
  37  3:31  SCV  
  37  3:32  SCV  
  39  3:35  Medivac  
  39  3:36  Marine  
  39  3:38  Marine  
  43  3:43  SCV  
  43  3:46  Barracks  
  44  3:50  SCV  
  44  3:53  Factory Tech Lab  
  45  3:55  SCV  
  45  3:56  Supply Depot  
  45  3:57  Marine  
  45  3:58  Marine  
  48  4:05  SCV  
  48  4:07  Engineering Bay  
  49  4:10  SCV  
  49  4:17  SCV, Marine x2  
  51  4:18  Barracks  
  51  4:19  Starport Tech Lab  
  51  4:22  SCV  
  54  4:27  Supply Depot  
  54  4:29  SCV  
  55  4:34  Terran Infantry Weapons Level 1  
  55  4:35  SCV  
  56  4:40  Stimpack  
  56  4:41  SCV  
  56  4:42  Refinery  
  57  4:47  Factory Reactor, Starport Reactor  
  57  4:48  SCV  
  58  4:53  Supply Depot, SCV  
  59  5:00  SCV  
  59  5:03  Marine x2  
  59  5:05  Marauder, SCV  
  65  5:12  Combat Shield, SCV  
  65  5:13  Marauder  
  68  5:16  Supply Depot  
  68  5:17  SCV  
  68  5:19  Supply Depot  
  69  5:24  Medivac x2, SCV  
  69  5:26  Widow Mine  
  69  5:27  Marine x2  
  78  5:37  Marine x2  
  78  5:38  Widow Mine, SCV x2  
  78  5:41  Supply Depot  
  78  5:42  Supply Depot  
  84  5:54  Marine x2  
  84  5:56  Marauder  
  88  5:57  Medivac x2  
  88  5:58  Command Center  
  88  6:03  Widow Mine x2  
  96  6:06  Refinery  
  96  6:07  Supply Depot  
  96  6:09  Supply Depot  
  96  6:20  Marauder x2, Barracks, Marine x2  
  96  6:22  Barracks  
  102  6:28  Concussive Shells  
  102  6:38  Marine x2  
  102  6:39  Widow Mine  
  108  6:40  Widow Mine, Medivac  
  108  6:41  Marauder  
  112  6:49  Supply Depot  
  112  6:50  Terran Infantry Armor Level 1  
  112  6:53  SCV x2  
  112  6:54  Supply Depot  
  114  6:56  Marauder  
  116  7:02  Marine x2  
  116  7:03  Marauder  
  116  7:04  Widow Mine x2  
  124  7:11  Orbital Command  
  124  7:14  Refinery  
  124  7:15  Barracks Tech Lab, Barracks Reactor  
  124  7:20  Marine  
  124  7:21  Marauder, Marine  
  128  7:24  Marauder, SCV x2  
  128  7:26  Widow Mine x2  
  136  7:33  Supply Depot  
  136  7:34  Supply Depot  
  136  7:37  SCV  
  136  7:38  SCV x2, Engineering Bay, Armory  
  139  7:48  Marine  
  139  7:49  Marauder x2  
  144  7:54  Marauder, Marine x3  
  150  8:06  Widow Mine x2, Marine  
  150  8:09  Supply Depot  
  150  8:10  Supply Depot, Marauder x2  
  150  8:11  SCV x2  
  150  8:12  Marine  
  160  8:13  Refinery  
  160  8:16  Marauder  
  160  8:17  SCV  
  163  8:23  SCV x2  
  165  8:30  Ghost Academy  
  165  8:35  Medivac x2  
  165  8:36  SCV x2  
  171  8:47  SCV  
  172  8:48  SCV x2  
  172  8:52  Supply Depot  
  172  8:54  Supply Depot  
  170  8:59  SCV  
  170  9:00  SCV  
  170  9:02  Marine x3  
  179  9:03  Marine  
  181  9:19  Supply Depot  
  181  9:24  Marine x3  
  181  9:25  Marine  
  181  9:27  Medivac x2  
  181  9:29  Widow Mine, Unknown x3  
  181  9:31  Widow Mine  
  193  9:33  Command Center  
  193  9:43  Marauder x2, Marine x3  
Show
View Real Time Build Order
Export as new Build Order

A.I. 1 (Very Easy) Protoss - Winner!

Build Orders:  

Get SALT Encoding   

  12  0:00  Probe  
  13  0:13  Probe  
  14  0:20  Pylon  
  14  0:36  Assimilator  
  14  0:42  Gateway  
  14  0:46  Pylon  
  14  1:15  Assimilator  
  14  1:23  Probe, Zealot  
  14  1:30  Cybernetics Core  
  14  1:31  Probe  
  18  1:41  Probe  
  19  1:53  Probe  
  20  2:02  Probe  
  20  2:06  Warp Gate  
  21  2:10  Probe  
  22  2:37  Probe  
  22  2:42  Stalker  
  23  2:49  Probe  
  24  7:00  Probe  
  24  7:13  Probe  
  24  7:19  Adept  
  24  7:20  Pylon  
  24  7:22  Probe, Robotics Facility  
  27  7:26  Nexus  
  28  7:30  Probe  
  29  7:38  Probe  
  30  7:46  Probe  
  30  7:48  Pylon  
  31  7:58  Probe  
  29  8:09  Observer  
  28  8:15  Stalker  
  30  8:26  Observer  
  31  8:39  Probe  
  32  8:46  Probe  
  26  8:48  Assimilator  
  26  8:50  Assimilator  
  26  8:53  Probe  
  27  9:00  Probe  
  28  9:08  Probe  
  29  9:10  Zealot  
  29  9:15  Probe  
  32  9:22  Probe  
  33  9:26  Probe  
  34  9:34  Probe  
  35  9:40  Probe  
  36  9:47  Probe  
  37  9:58  Probe  
  38  10:05  Probe  
Tags
 
League
Master
Matchup
PvT
Replay Pack
Spawningtool_Mez
Spawn Locations
Cross Positions
Add a new tag
Caveats
  • Supply blocks, unpowered buildings, or Contaminate may cause inaccurate times.
  • Supply counts are checked every 10 seconds.